 Dungeon Crawl Stone Soup version 0.16.1-51-g6203257 (webtiles) character file.

532 Miyamura the Charmwright (level 7, 0/47 HPs)
             Began as a High Elf Skald on July 22, 2015.
             Slain by Menkaure (3 damage)
             ... on level 4 of the Dungeon.
             The game lasted 00:21:10 (4801 turns).

Miyamura the Charmwright (High Elf Skald)           Turns: 4801, Time: 00:21:10

Health: 0/47       AC:  7    Str: 12    XL:     7   Next: 3%
Magic:  14/19      EV: 12    Int: 17    God:
Gold:   66         SH:  0    Dex: 15    Spells: 3 memorised, 7 levels left

rFire  . . .     SeeInvis +     a - +0 falchion
rCold  . . .     Clarity  .     e - +0 ring mail
rNeg   . . .     SustAb   .     (no shield)
rPois  .         Gourm    .     r - +0 helmet
rElec  .         Spirit   .     i - +0 cloak
rCorr  .         Warding  .     (no gloves)
rMut   .         Stasis   .     (no boots)
MR     .....                    (no amulet)
Stlth  +.........               n - ring of wizardry
                                g - ring of see invisible

@: infused, not resistant to hostile enchantments, very unstealthy
A: no striking features
a: no special abilities


You were on level 4 of the Dungeon.
You were not hungry.

You visited 1 branch of the dungeon, and saw 4 of its levels.

You collected 174 gold pieces.
You spent 108 gold pieces at shops.

Inventory:

Hand weapons
 a - a +0 falchion (weapon)
Armour
 e - a +0 ring mail (worn)
 i - a +0 cloak (worn)
 r - a +0 helmet (worn)
Jewellery
 g - a ring of see invisible (left hand)
 n - a ring of wizardry (right hand)
Magical devices
 j - a wand of polymorph (3)
Scrolls
 f - 2 scrolls of enchant weapon
Potions
 h - a potion of resistance
 k - a potion of restore abilities
 o - a potion of might
Books
 c - a book of Battle

   Spells                             Type                      Level
   a - Infusion                       Charms                       1
   b - Shroud of Golubria             Charms/Translocation         2
   c - Song of Slaying                Charms                       2
   d - Spectral Weapon                Hexes/Charms                 3
   e - Regeneration                   Charms/Necromancy            3
Comestibles
 b - 2 meat rations
 d - 2 bread rations


   Skills:
 + Level 3.7 Fighting
 + Level 4.4 Long Blades
 + Level 2.6 Armour
 + Level 3.2 Dodging
 + Level 3.8 Spellcasting
 + Level 5.2 Charms


You had 7 spell levels left.
You knew the following spells:

 Your Spells              Type           Power        Failure   Level  Hunger
a - Infusion              Chrm           ###...       1%          1    None
g - Shroud of Golubria    Chrm/Tloc      ##........   9%          2    ##.....
r - Regeneration          Chrm/Necr      ##........   16%         3    ###....


Dungeon Overview and Level Annotations

Branches:
Dungeon (4/15)
 Temple: D:4-7

Altars:
Okawaru

Shops:
D:4 [

Annotations:
D:4 Menkaure, Prince Ribbit


Message History

Menkaure is severely damaged.
Menkaure whispers in an indecipherable tongue.
Menkaure hits you but does no damage. Menkaure hits you.
You hit Menkaure.
Menkaure is almost destroyed.
Menkaure hits you!
* * * LOW HITPOINT WARNING * * *
You are too injured to fight recklessly!
Drink which item? (? for menu, Esc to quit)
You feel better. Menkaure hits you!
* * * LOW HITPOINT WARNING * * *
You hit Menkaure.
Menkaure is almost destroyed.
Menkaure hits you but does no damage.
Menkaure calls on the powers of darkness!
You feel a surge of unholy energy.
You barely miss Menkaure.
Menkaure is almost destroyed.
Menkaure hits you.
You die...

... #... #..# #...
#..# #..#
#..#####.#
#.M......# #+#
#.@## #...## #.#.#
#.....## ##..##
#.......##
##...####.........#
#.....(.+.........'
##...####.........#
#..### #.........
#>...# ##.....#.#
####.# ##...##.#


You could see Menkaure.

Vanquished Creatures
  The ghost of spinkules the Chopper, an average MiBe of Trog (D:3)
  An ogre (D:3)
  A centaur (D:4)
  A hound (D:4)
  An iguana (D:4)
  Natasha (D:4)
  2 orc wizards (D:4)
  Robin (D:4)
  8 adders
  A worm (D:2)
  7 orcs
  2 ball pythons
  2 giant cockroaches
  14 goblins
  14 hobgoblins
  9 kobolds
  2 quokkas
  5 bats
  A giant gecko skeleton (D:4)
  A giant newt (D:4)
  10 rats
85 creatures vanquished.

Notes
Turn   | Place    | Note
--------------------------------------------------------------
     0 | D:1      | Miyamura, the High Elf Skald, began the quest for the Orb.
     0 | D:1      | Reached XP level 1. HP: 14/14 MP: 4/4
   308 | D:1      | Reached XP level 2. HP: 19/19 MP: 3/6
   312 | D:1      | Learned a level 2 spell: Shroud of Golubria
   506 | D:1      | Reached skill level 1 in Armour
  1304 | D:2      | Reached skill level 4 in Charms
  1304 | D:2      | Reached XP level 3. HP: 15/25 MP: 0/8
  1553 | D:2      | Learned a level 3 spell: Regeneration
  1587 | D:2      | Found an iron altar of Okawaru.
  2061 | D:2      | Reached XP level 4. HP: 28/30 MP: 1/11
  2764 | D:3      | Noticed spinkules' ghost (average MiBe)
  3431 | D:3      | Killed spinkules' ghost
  3431 | D:3      | Reached XP level 5. HP: 18/36 MP: 8/14
  3656 | D:4      | Found Ruidui's Antique Armour Shop.
  3659 | D:4      | Bought a helmet for 108 gold pieces
  3897 | D:4      | Reached XP level 6. HP: 32/42 MP: 7/17
  4081 | D:4      | Noticed Robin
  4086 | D:4      | Noticed a centaur
  4094 | D:4      | Killed a centaur
  4094 | D:4      | Reached skill level 5 in Charms
  4178 | D:4      | Killed Robin
  4321 | D:4      | Noticed Prince Ribbit
  4474 | D:4      | Noticed an ogre
  4476 | D:4      | Noticed Natasha
  4533 | D:3      | Killed an ogre
  4646 | D:4      | Killed Natasha
  4646 | D:4      | Reached XP level 7. HP: 47/47 MP: 14/19
  4784 | D:4      | Noticed Menkaure
  4801 | D:4      | Slain by Menkaure

Action                   |  1- 3 |  4- 6 |  7- 9 || total
-------------------------+-------+-------+-------++-------
Melee: Falchion          |   132 |   219 |     8 ||   359
 Cast: Infusion          |    19 |    18 |     1 ||    38
       Shroud of Golubri |     4 |     8 |     1 ||    13
       Regeneration      |       |    12 |       ||    12
Evoke: Wand              |       |    10 |     5 ||    15
  Use: Scroll            |     5 |     7 |     1 ||    13
       Potion            |       |     3 |     2 ||     5
 Stab: Confused          |       |     4 |       ||     4
  Eat: Chunk             |     4 |     9 |     1 ||    14
       Beef jerky        |       |     1 |       ||     1
